 Dungeon Crawl Stone Soup version 0.19-a0-1905-ge8b2aad (webtiles) character file.

2591 artgar the Grappler (level 9, -3/84 HPs)
             Began as a Troll Berserker on Oct 21, 2016.
             Was an Elder of Trog.
             Slain by an orc warrior
             ... wielding a +1 war axe of flaming
              (8 damage)
             ... on level 7 of the Dungeon.
             The game lasted 00:44:13 (6029 turns).

artgar the Grappler (Troll Berserker)               Turns: 6029, Time: 00:44:14

Health: -3/84      AC:  5    Str: 30    XL:     9   Next: 33%
Magic:  8/8        EV: 12    Int:  3    God:    Trog [****..]
Gold:   390        SH:  3    Dex:  9    Spells: 0 memorised, 8 levels left

rFire  . . .     SeeInvis .       - Unarmed
rCold  . . .     Gourm    +     c - +0 robe (curse)
rNeg   . . .     Faith    .     (no shield)
rPois  .         Spirit   .     (helmet restricted)
rElec  .         Reflect  +     (no cloak)
rCorr  .         Harm     .     (gloves unavailable)
MR     .....                    (boots unavailable)
Stlth  +++.......               d - +3 amulet of reflection
                                (no ring)
                                y - ring of stealth

@: no status effects
A: unfitting armour, claws 3, fast metabolism 3, gourmand, regeneration 1,
shaggy fur 1, tough skin 2
a: Berserk, Trog's Hand, Brothers in Arms, Burn Spellbooks, Renounce Religion


You were on level 7 of the Dungeon.
You worshipped Trog.
Trog was greatly pleased with you.
You were very full.

You visited 1 branch of the dungeon, and saw 7 of its levels.
You also visited: Ossuary.

You collected 390 gold pieces.

Inventory:

Armour
 a - a +1 animal skin
 c - a cursed +0 robe (worn)
Jewellery
 d - a +3 amulet of reflection (around neck)
 s - an uncursed amulet of magic regeneration {unknown}
 y - a ring of stealth (left claw)
Wands
 z - a wand of polymorph (11/24)
 C - a wand of iceblast (10/15)
 D - a wand of flame (26/48)
Scrolls
 b - 2 scrolls of amnesia
 e - a scroll of blinking
 j - 3 scrolls of random uselessness
 l - 3 scrolls of teleportation
 n - a scroll of enchant armour
 r - a scroll of fear
 t - 3 scrolls of remove curse
 v - a scroll of recharging
Potions
 f - 3 potions of lignification
 g - 2 potions of berserk rage
 h - 2 potions of degeneration
 i - 2 potions of resistance
 k - 3 potions of curing
 m - 2 potions of brilliance
 o - 2 potions of haste
 q - a potion of invisibility {unknown}
 x - 7 potions of might
 A - a potion of cancellation
 B - a potion of magic {unknown}
Comestibles
 u - 2 bread rations


   Skills:
 + Level 4.2 Fighting
   Level 1.1 Short Blades
 + Level 5.8 Dodging
 + Level 2.7 Stealth
 + Level 9.4 Unarmed Combat


You had 8 spell levels left.
You didn't know any spells.

Dungeon Overview and Level Annotations

Branches:
Dungeon (7/15)
 Temple: D:4-7

Altars:
Ashenzari
Qazlal
Xom
Yredelemnul

Shops:
D:7 [


Innate Abilities, Weirdness & Mutations

You are too large for most types of armour.
You have claws for hands.
Your metabolism is lightning-fast.
You like to eat raw meat.
Your natural rate of healing is unusually fast.
You are covered in fur. (AC +1)
You have very tough skin. (AC +2)


Message History

The orc warrior is moderately wounded.
The orc warrior hits you with a war axe of flaming!
The orc warrior burns you.
The orc shouts!
You completely miss the orc warrior.
The orc warrior is moderately wounded.
You hear a shout!
The orc warrior hits you with a war axe of flaming!!
The orc warrior burns you.
You scratch the orc warrior. Your claw misses the orc warrior.
The orc warrior is moderately wounded.
The orc wizard mumbles some strange words.
The orc wizard flickers and vanishes!
Deactivating autopickup; reactivate with Ctrl-A.
You claw the orc warrior!
The orc warrior is severely wounded.
The orc warrior hits you with a war axe of flaming!!
* * * LOW HITPOINT WARNING * * *
The orc warrior burns you!
You die...

#######.####.# #..
.............# #.#
#######.####.###.#
#.>........#
#.####.##.)####
#.##..........#
#.##.####..##.#
#.##.# #..# #o#
#.##.# #.@##..o..
#.##.# #.$oo{....
#.........######..
#.##.######
#.##.#####
#.##.#...#
#).....#
####.#...# #.# ###


You could see an orc warrior and an orc priest.

Vanquished Creatures
  2 wraiths (Ossuary)
  The ghost of Naow the Sneak, an amateur SpEn (D:5)
  The ghost of Naow the Sneak, an amateur SpEn of Dithmenos (D:3)
  2 ice beasts
  An orc warrior (D:7)
  A necrophage (D:6)
  2 sky beasts
  An ogre (D:4)
  2 bullfrogs
  A scorpion (D:6)
  4 wights (Ossuary)
  2 howler monkeys
  2 crimson imps
  4 hounds
  A quasit (D:7)
  2 bullfrog skeletons (D:5)
  A jelly (D:5)
  2 orc priests
  3 centaur skeletons
  4 orc wizards
  2 iguanas
  Natasha (thrice) (D:2)
  2 worker ants (D:6)
  A hound skeleton (D:5)
  A worker ant zombie (D:6)
  3 gnolls (D:2)
  6 adders
  2 shadow imps (D:6)
  An adder zombie (Ossuary)
  An adder skeleton (D:6)
  4 worms
  2 dart slugs
  6 leopard geckos
  25 orcs
  3 giant cockroaches (D:2)
  A hobgoblin (D:2)
  10 jackals
  4 kobolds
  4 ball pythons
  A ball python skeleton (Ossuary)
  6 bats
  4 frilled lizards
  A giant cockroach zombie (D:6)
  11 goblins
  A goblin zombie (D:6)
  A hobgoblin skeleton (Ossuary)
  A hobgoblin zombie (Ossuary)
  A kobold zombie (Ossuary)
  An orc skeleton (Ossuary)
  An orc zombie (Ossuary)
  8 rats
157 creatures vanquished.

Vanquished Creatures (others)
  2 bats (D:1)
  A goblin (D:1)
3 creatures vanquished.

Grand Total: 160 creatures vanquished

Notes
Turn   | Place    | Note
-------+----------+-------------------------------------------
     0 | D:1      | artgar the Troll Berserker began the quest for the Orb.
     0 | D:1      | Reached XP level 1. HP: 22/22 MP: 0/0
   248 | D:1      | Reached XP level 2. HP: 29/29 MP: 1/1
   697 | D:2      | Noticed Natasha
   703 | D:2      | Noticed a crimson imp
   710 | D:2      | Noticed a crimson imp
   711 | D:2      | Killed Natasha
   711 | D:2      | Reached XP level 3. HP: 33/37 MP: 2/2
   886 | D:2      | Noticed Natasha
   902 | D:2      | Killed Natasha
   902 | D:2      | Reached XP level 4. HP: 24/45 MP: 3/3
   928 | D:2      | Noticed Natasha
   936 | D:2      | Killed Natasha
   936 | D:2      | Reached ** piety under Trog
   936 | D:2      | Reached skill level 4 in Unarmed Combat
  1085 | D:2      | Found a shattered altar of Ashenzari.
  1477 | D:3      | Noticed Naow's ghost (amateur SpEn)
  1492 | D:3      | Killed Naow's ghost
  1492 | D:3      | Reached XP level 5. HP: 39/53 MP: 4/4
  1610 | D:2      | Reached skill level 5 in Unarmed Combat
  1841 | D:2      | Reached XP level 6. HP: 57/61 MP: 5/5
  2409 | D:4      | Found a stormy altar of Qazlal.
  2521 | D:4      | Noticed an ice beast
  2529 | D:4      | Killed an ice beast
  2547 | D:4      | Reached *** piety under Trog
  2567 | D:4      | Reached skill level 6 in Unarmed Combat
  2573 | D:4      | Reached XP level 7. HP: 61/67 MP: 6/6
  2930 | D:5      | Entered Level 5 of the Dungeon
  3164 | D:5      | Reached skill level 7 in Unarmed Combat
  3249 | D:5      | Noticed Naow's ghost (amateur SpEn)
  3358 | D:5      | Killed Naow's ghost
  3454 | D:5      | Reached skill level 1 in Short Blades
  3454 | D:5      | Reached XP level 8. HP: 78/78 MP: 7/7
  3619 | D:5      | Found a basalt altar of Yredelemnul.
  3914 | D:5      | Reached skill level 5 in Dodging
  4377 | D:6      | Reached skill level 1 in Stealth
  4433 | D:6      | Found a sand-covered staircase.
  4533 | Ossuary  | Entered an ossuary
  4655 | Ossuary  | Noticed a flying skull
  4698 | Ossuary  | Noticed a flying skull
  4709 | Ossuary  | Reached skill level 8 in Unarmed Combat
  4713 | Ossuary  | Noticed a flying skull
  4735 | Ossuary  | Noticed a flying skull
  5160 | D:6      | Reached XP level 9. HP: 84/84 MP: 8/8
  5172 | D:6      | Reached **** piety under Trog
  5249 | D:6      | Reached skill level 9 in Unarmed Combat
  5648 | D:7      | Found a shimmering altar of Xom.
  5683 | D:7      | Noticed a hill giant
  5817 | D:7      | Found Lyelel's Antique Armour Shoppe.
  6029 | D:7      | Slain by an orc warrior

Vault maps used:
D:1:      mrwooster_arrival_statue_3, dk_noncrumbling_4, lemuel_old_faithful
D:2:      ashenzari_altar_1, uniq_natasha
D:3:      grunt_temple_overflow_diamond
D:4:      lemuel_crystal_altar
D:5:      overflow_temple_1_default, first_bread, minmay_misc_feat_more_columns,
          kennysheep_small_spiral, minivault_24
D:6:      enter_ossuary_3
D:7:      kennysheep_little_box, serial_shops, shop, lightli_corner_chamber
Ossuary:  ossuary_due_cavern

Skill      XL: |  1  2  3  4  5  6  7  8  9 |
---------------+----------------------------+-----
Fighting       | 3 4 |  4.2
Dodging        | 3 4 5 |  5.8
Unarmed Combat | 4 5 6 7 8 9 |  9.4
Short Blades   | 1 |  1.1
Stealth        | 2 |  2.7

Action                   |  1- 3 |  4- 6 |  7- 9 || total
-------------------------+-------+-------+-------++-------
Melee: Unarmed           |    74 |   132 |   225 ||   431
       Punch             |     1 |     3 |    12 ||    16
       Rapier            |       |       |    59 ||    59
  Use: Potion            |       |       |     2 ||     2
       Scroll            |       |       |    21 ||    21
 Stab: Sleeping          |       |     1 |    14 ||    15
  Eat: Bread ration      |     1 |     3 |     1 ||     5
       Beef jerky        |     1 |       |     1 ||     2
       Chunk             |       |     3 |    28 ||    31
       Fruit             |       |       |     3 ||     3
       Pizza             |       |       |     1 ||     1
Armor: Animal skin       |    36 |    56 |    51 ||   143
       Robe              |       |       |    34 ||    34
Dodge: Dodged            |    52 |    93 |   151 ||   296
Block: Other             |       |       |     8 ||     8
